 Dungeon Crawl Stone Soup version 0.17-a0-2069-g0f4ee5b (webtiles) character file.

688 Gruud the Insei (level 7, 0/48 HPs)
             Began as a Demonspawn Transmuter on Oct 13, 2015.
             Killed from afar by an orc wizard (6 damage)
             ... with a magic dart
             ... on level 6 of the Dungeon.
             The game lasted 00:12:58 (3731 turns).

Gruud the Insei (Demonspawn Transmuter)             Turns: 3731, Time: 00:12:58

Health: 0/48       AC:  2    Str: 11    XL:     7   Next: 36%
Magic:  14/19      EV: 20    Int: 14    God:
Gold:   183        SH:  0    Dex: 19    Spells: 3 memorised, 4 levels left

rFire  . . .     SeeInvis .       - Unarmed
rCold  . . .     Clarity  .     (armour currently unavailable)
rNeg   . . .     SustAt   .     (shield currently unavailable)
rPois  x         Gourm    .     (helmet currently unavailable)
rElec  .         Spirit   .     (cloak currently unavailable)
rCorr  .         Warding  .     (gloves currently unavailable)
rMut   .         Stasis   .     (boots currently unavailable)
MR     .....                    (no amulet)
Stlth  ++........               (no ring)
                                q - ring of magical power (curse)

@: spider-form (expiring), very slightly contaminated, not resistant to hostile
enchantments, unstealthy
A: (horns 0), rough black scales 1, powered by death 2
a: End Transformation


You were on level 6 of the Dungeon.
You were hungry.
You were a venomous arachnid creature.
You visited 1 branch of the dungeon, and saw 6 of its levels.

You collected 183 gold pieces.

Inventory:

Missiles
 a - 63 arrows
 y - a steel sling bullet
 B - 21 sling bullets
Armour
 b - a +0 robe (melded)
 m - a +0 pair of gloves (melded)
 A - a +0 pair of boots (melded)
Jewellery
 q - a cursed ring of magical power (left front leg)
Wands
 E - a wand of digging (11)
Scrolls
 k - a scroll of amnesia {unknown}
 o - 3 scrolls of blinking
 v - a scroll of enchant armour {unknown}
 w - a scroll of noise {unknown}
 x - a scroll of remove curse {unknown}
 F - a scroll of teleportation {unknown}
Potions
 e - a potion of lignification
 f - a potion of beneficial mutation
 h - a potion of invisibility {unknown}
 i - 2 potions of heal wounds
 n - 2 potions of haste
 p - a potion of brilliance {unknown}
 r - a potion of mutation {unknown}
 s - a potion of resistance {unknown}
 t - 3 potions of flight
 u - 2 potions of cancellation
 z - 3 potions of curing {unknown}
 D - a potion of ambrosia {unknown}
Books
 c - a book of Changes

   Spells                             Type                      Level
   a - Beastly Appendage              Transmutation                1
   b - Sticks to Snakes               Transmutation                2
   c - Spider Form                    Transmutation/Poison         3
   d - Ice Form                       Ice/Transmutation            4
   e - Blade Hands                    Transmutation                5
 C - a book of Enchantments

   Spells                             Type                      Level
   a - Cause Fear                     Hexes                        4
   b - Silence                        Hexes/Air                    5
   c - Deflect Missiles               Charms/Air                   6
   d - Haste                          Charms                       6
   e - Discord                        Hexes                        8
Comestibles
 d - 3 bread rations
 l - a meat ration


   Skills:
 - Level 1.0 Fighting
 + Level 2.2 Dodging
 * Level 5.8 Unarmed Combat
 - Level 2.0 Spellcasting
 + Level 5.2 Transmutations


You had 4 spell levels left.
You knew the following spells:

 Your Spells              Type           Power        Failure   Level  Hunger
a - Beastly Appendage     Trmt           ###...       10%         1    ##.....
b - Sticks to Snakes      Trmt           ###.......   14%         2    ###....
c - Spider Form           Trmt/Pois      #.........   45%         3    ####...


Dungeon Overview and Level Annotations

Branches:
Dungeon (6/15)
 Temple: D:4-7

Altars:
Ashenzari
Elyvilon
Fedhas
Makhleb
Nemelex Xobeh
Qazlal
Ru
Sif Muna
Trog
Vehumet
Xom
Yredelemnul
Zin


Innate Abilities, Weirdness & Mutations

((You have a pair of horns on your head.))
(You are partially covered in rough black scales (AC +4, Dex -1).)
You regenerate health from kills.


Message History

Unknown command.
You hit the centaur.
The centaur is heavily wounded.
The centaur misses you. Something closely misses you.
You bite the centaur!
The centaur is severely wounded.
You kill the centaur!
Something barely misses you. Something hits you.
* * * LOW HITPOINT WARNING * * *
You hit something. Something hits you.
* * * LOW HITPOINT WARNING * * *
The orc completely misses you. Something hits you but does no damage.
You completely miss something. Something hits you.
* * * LOW HITPOINT WARNING * * *
You barely miss something. The orc hits you with a whip.
* * * LOW HITPOINT WARNING * * *
You hear some strange, mumbled words.
A magic dart appears from out of thin air!
The magic dart hits you!
You die...

##.....##..#..##
#...#...#..##..# .....'
...###....###..# +.....
...###....###).# #....#
...###...####..###....###.
#############....'.>......
#....##.##...#........
#+###....##..##.##........
................s{........
................{o........
##########################


You could see an orc.

Vanquished Creatures
  2 ice beasts (D:5)
  A centaur (D:6)
  A giant frog (D:6)
  A scorpion (D:4)
  A jelly (D:5)
  A hound (D:5)
  An iguana (D:5)
  An orc wizard (D:3)
  A worker ant zombie (D:5)
  6 adders
  A gnoll (D:1)
  An ooze (D:1)
  3 adder skeletons
  A worm (D:2)
  4 giant geckos
  12 orcs
  2 ball pythons
  8 giant cockroaches
  7 goblins
  7 hobgoblins
  4 jackals (D:3)
  5 quokkas
  10 bats
  9 giant newts
  A jackal skeleton (D:4)
  6 kobolds
  6 rats
103 creatures vanquished.

Vanquished Creatures (collateral kills)
  A worm (D:2)
1 creature vanquished.

Grand Total: 104 creatures vanquished

Notes
Turn   | Place    | Note
--------------------------------------------------------------
     0 | D:1      | Gruud the Demonspawn Transmuter began the quest for the Orb.
     0 | D:1      | Reached XP level 1. HP: 15/15 MP: 3/3
    35 | D:1      | Reached skill level 3 in Unarmed Combat
    35 | D:1      | Gained mutation: You are partially covered in rough black scales (AC +4, Dex -1). [demonic ancestry]
    35 | D:1      | Reached XP level 2. HP: 11/21 MP: 5/5
   211 | D:1      | Learned a level 2 spell: Sticks to Snakes
   346 | D:1      | Gained mutation: You regenerate a little health from kills. [demonic ancestry]
   346 | D:1      | Reached XP level 3. HP: 8/26 MP: 4/6
  1046 | D:2      | Found a stormy altar of Qazlal.
  1050 | D:2      | Found a deep blue altar of Sif Muna.
  1051 | D:2      | Found a white marble altar of Elyvilon.
  1052 | D:2      | Found a blossoming altar of Fedhas.
  1052 | D:2      | Found a radiant altar of Vehumet.
  1052 | D:2      | Found a shattered altar of Ashenzari.
  1052 | D:2      | Found a glowing silver altar of Zin.
  1053 | D:2      | Found a shimmering altar of Xom.
  1054 | D:2      | Found a basalt altar of Yredelemnul.
  1055 | D:2      | Found a bloodstained altar of Trog.
  1056 | D:2      | Found a sacrificial altar of Ru.
  1057 | D:2      | Found a burning altar of Makhleb.
  1291 | D:2      | Gained mutation: You regenerate health from kills. [demonic ancestry]
  1291 | D:2      | Reached XP level 4. HP: 32/32 MP: 7/7
  1527 | D:2      | Learned a level 3 spell: Spider Form
  1816 | D:3      | Found a sparkling altar of Nemelex Xobeh.
  1943 | D:3      | So tempting to grab axes and heavy armour with this
  1974 | D:3      | Meh
  1983 | D:3      | Reached skill level 4 in Unarmed Combat
  2025 | D:3      | Gained mutation: You have a pair of large horns on your head. [demonic ancestry]
  2025 | D:3      | Reached XP level 5. HP: 37/37 MP: 8/8
  2884 | D:5      | Entered Level 5 of the Dungeon
  2941 | D:5      | Gained mutation: You have a pair of horns on your head. [demonic ancestry]
  2941 | D:5      | Reached XP level 6. HP: 39/43 MP: 9/9
  2961 | D:5      | Noticed an ice beast
  2982 | D:5      | Killed an ice beast
  2982 | D:5      | Reached skill level 5 in Unarmed Combat
  3009 | D:5      | Noticed an ice beast
  3382 | D:5      | Killed an ice beast
  3382 | D:5      | Reached skill level 5 in Transmutations
  3503 | D:5      | Reached XP level 7. HP: 33/48 MP: 10/10
  3731 | D:6      | Killed from afar by an orc wizard

Vault maps used:
D:1:      minmay_arrival_jagged, minmay_three_crescents
D:2:      minitemple, serial_park_tiny_pond
D:3:      first_bread, nemelex_lonely_heart_becter
D:4:      kennysheep_generic_room_9
D:6:      nicolae_overflow_hidden_temple, hangedman_glass_teeth

Action                   |  1- 3 |  4- 6 |  7- 9 || total
-------------------------+-------+-------+-------++-------
Melee: Unarmed           |   151 |   286 |    19 ||   456
 Cast: Beastly Appendage |    13 |    10 |       ||    23
       Sticks to Snakes  |     5 |     6 |     1 ||    12
       Spider Form       |       |     3 |     1 ||     4
  Use: Scroll            |     2 |     7 |       ||     9
 Stab: Sleeping          |     1 |     3 |       ||     4
  Eat: Chunk             |     2 |     8 |     1 ||    11
